 Dungeon Crawl Stone Soup version 0.28-a0-268-g3f656e82c2 (webtiles) character file.

Game seed: 278990310700577184

153 Sweetruy1997 the Chiller (level 5, -1/35 HPs)
             Began as a Vampire Ice Elementalist on Aug 29, 2021.
             Slain by Grinder (8 damage)
             ... while paralysed by Grinder
             ... on level 3 of the Dungeon.
             The game lasted 00:06:47 (2018 turns).

Sweetruy1997 the Chiller (Vampire Ice Elementalist) Turns: 2018, Time: 00:06:47

Health: -1/35      AC:  7    Str:  7    XL:     5   Next: 12%
Magic:  2/18       EV:  2    Int: 18    God:
Gold:   74         SH:  0    Dex: 15    Spells: 3/10 levels left

rFire   . . .      SeeInvis +   l - staff of poison
rCold   . . .      Faith    .   (no shield)
rNeg    . . .      Spirit   .   f - +0 leather armour
rPois   +          Reflect  .   (no helmet)
rElec   .          Harm     .   i - +0 cloak
rCorr   .          Rampage  .   c - +2 pair of gloves
Will    .....                   (no boots)
Stlth   ++........              (no amulet)
HPRegen 0.31/turn               e - ring of magical power
MPRegen 0.16/turn               h - +4 ring of evasion

@: paralysed, freezing walls, healing quickly
A: alive, fangs 3, see invisible, vampiric 2
a: Exsanguinate


You were on level 3 of the Dungeon.
You visited 1 branch of the dungeon, and saw 3 of its levels.

You collected 74 gold pieces.

Inventory:

Armour
 c - a +2 pair of gloves (worn)
 f - a +0 leather armour (worn)
 i - a +0 cloak (worn)
Magical Staves
 l - a staff of poison (weapon)
Jewellery
 e - a ring of magical power (left hand)
 h - a +4 ring of evasion (right hand)
Scrolls
 a - a scroll of identify
 b - a scroll of amnesia {unknown}
 g - a scroll of noise {unknown}
Potions
 k - 3 potions of curing


   Skills:
 + Level 0.1 Fighting
 + Level 0.2 Armour
 + Level 2.7 Dodging
 + Level 3.3 Stealth
 + Level 3.2 Spellcasting
 + Level 5.4 Ice Magic


You had 3 spell levels left.
You knew the following spells:

 Your Spells              Type           Power      Damage    Failure   Level
a - Freeze                Ice            88%        1d10      2%          1
b - Frozen Ramparts       Ice            44%        1d6       8%          3
c - Ozocubu's Armour      Ice            22%        N/A       8%          3

Your spell library contained the following spells:

 Spells                   Type           Power      Damage    Failure   Level
 Hailstorm                Conj/Ice       12%        3d5       58%         4


Dungeon Overview and Level Annotations

Branches:
Dungeon (3/15)

Altars:

Annotations:
D:3 Grinder


Innate Abilities, Weirdness & Mutations

Your natural rate of healing is accelerated.
You have razor-sharp teeth.
You have supernaturally acute eyesight. (SInv)
You are afflicted with vampirism and can become a bat while bloodless.


Message History

The kobold shouts!
You hear a shout!
The kobold moves out of view.
You freeze Grinder but do no damage.
Grinder completely resists.
Grinder closely misses you.
You freeze Grinder.
Grinder resists.
Grinder is moderately wounded.
Grinder hits you but does no damage.
You freeze Grinder but do no damage.
Grinder completely resists.
The kobold misses you.
Grinder says, "Mostly I couldn't keep them alive."
Grinder misses you.
You freeze Grinder.
Grinder resists.
Grinder is moderately wounded.
The kobold barely misses you. Grinder hits you.
You writhe in agony.
You freeze Grinder.
Grinder resists.
Grinder is moderately wounded.
The kobold barely misses you. Grinder hits you.
You writhe in agony.
Casting: Freeze (safe; 2% risk of failure)
Confirm with . or Enter, or press ? or * to list all spells.
Casting: Frozen Ramparts (dangerous; 8% risk of failure)
Press: ? - help, Dir - look around, f - activate The walls around you are covered in ice.
The wall freezes the kobold.
You kill the kobold!
Grinder resists.
The wall freezes Grinder.
Grinder misses you.
Unknown command.
You hit Grinder.
Grinder is moderately wounded.
Grinder completely resists.
The wall freezes Grinder but does no damage.
Grinder gestures at you.
You suddenly lose the ability to move!
Grinder completely resists.
The wall freezes Grinder but does no damage.
Grinder hits you.
You writhe in agony.
Grinder resists.
The wall freezes Grinder.
Grinder hits you.
You writhe in agony.
* * * LOW HITPOINT WARNING * * *
Grinder resists.
The wall freezes Grinder.
Grinder hits you!
You die...

.# ## . ##.# . §. ...#.#
..§ #.. .#### ...§
#........
§...§§#.#...###
§...§§#.......# ...
≈.....5@# ..#.# #..#####
§§§...).###...#.#.......
≈§§..≈#.##...##.#.......
§...§§#)##...##.#.......
§§§§§ #.##...##.#......
§..§≈##.#....##.#..#.##
§.≈≈ #........#.......##
§§§##.........##...#....
#...........÷........


You could see Grinder.

Vanquished Creatures
  A hound (D:3)
  Jessica (D:2)
  2 adders
  2 worms
  9 dart slugs
  2 orcs
  3 endoplasms
  A giant cockroach (D:1)
  3 hobgoblins
  5 jackals
  4 kobolds
  3 quokkas (D:2)
  3 ball pythons
  5 bats
  A frilled lizard (D:1)
  5 goblins
  5 rats
55 creatures vanquished.

Vanquished Creatures (others)
  10 fungi (D:3)
  2 plants (D:1)
  5 toadstools (D:3)
17 creatures vanquished.

Grand Total: 72 creatures vanquished

Notes
Turn   | Place    | Note
-------+----------+-------------------------------------------
     0 | D:1      | Sweetruy1997 the Vampire Ice Elementalist began the quest
                  | for the Orb.
     0 | D:1      | Reached XP level 1. HP: 13/13 MP: 3/3
   410 | D:1      | Reached XP level 2. HP: 19/19 MP: 5/5
   903 | D:2      | Gained mutation: You are afflicted with vampirism and can
                  | become a bat while bloodless. [Vampire growth]
   903 | D:2      | Reached XP level 3. HP: 24/24 MP: 6/6
   913 | D:2      | Learned a level 3 spell: Frozen Ramparts
  1409 | D:2      | Noticed Jessica
  1412 | D:2      | Killed Jessica
  1413 | D:2      | Reached skill level 5 in Ice Magic
  1413 | D:2      | Reached XP level 4. HP: 30/30 MP: 7/7
  1417 | D:2      | Learned a level 3 spell: Ozocubu's Armour
  1597 | D:3      | Noticed Grinder
  1781 | D:3      | Reached XP level 5. HP: 35/35 MP: 9/9
  2015 | D:3      | Paralysed by Grinder for 5 turns
  2018 | D:3      | Slain by Grinder

Illustrated notes

Levels and vault maps discovered:
D:1:      eino_arrival_druids_welcome, layout_loops_ring
D:2:      layout_loops_ring, uniq_jessica
D:3:      kennysheep_slugbush, layout_basic, kennysheep_big_empty_room,
          minmay_gold_behind_fungi, uniq_robin, uniq_grinder

Skill      XL: |  1  2  3  4 |
---------------+-------------+-----
Ice Magic      | 5 |  5.4
Spellcasting   | 3 |  3.2
Fighting       | |  0.1
Armour         | |  0.2
Dodging        | |  2.7
Stealth        | |  3.3

Action                   |  1- 3 |  4- 6 || total
-------------------------+-------+-------++-------
Melee: Staff             |       |     9 ||     9
       Bite              |       |     1 ||     1
 Cast: Freeze            |    50 |    55 ||   105
       Frozen Ramparts   |       |     2 ||     2
       Ozocubu's Armour  |       |     1 ||     1
  Use: Scroll            |       |     2 ||     2
Armor: Leather armour    |    11 |    18 ||    29
       Robe              |     1 |       ||     1
Dodge: Dodged            |    32 |    50 ||    82

Table legend: (Time is in decaauts)
 A = Elapsed time spent in this place.
 B = Non-inter-level travel time spent in this place.
 C = Inter-level travel time spent in this place.
 D = Time resting spent in this place.
 E = Time spent auto-exploring this place.
 F = Levels seen in this place.
 G = Mean time per level.
                   A        B        C        D        E       F      G
               +--------+--------+--------+--------+--------+-----+--------+
         Total |   2022 |   1924 |     98 |     94 |   1396 |   3 |  674.0 |
       Dungeon |   2022 |   1924 |     98 |     94 |   1396 |   3 |  674.0 |
               +--------+--------+--------+--------+--------+-----+--------+

Top non-repeatable levels by time:
     D:2: 869 daAuts
     D:1: 834 daAuts
     D:3: 318 daAuts
